 Dungeon Crawl Stone Soup version 0.29-a0-283-ga02f740833 (webtiles) character file.

Game seed: 13557128836220956962

23 Anunax the Skirmisher (level 2, -2/33 HPs)
             Began as an Ogre Monk on Mar 13, 2022.
             Slain by a kobold
             ... wielding a +0 short sword
              (3 damage)
             ... on level 2 of the Dungeon.
             The game lasted 00:02:56 (1349 turns).

Anunax the Skirmisher (Ogre Monk)                   Turns: 1349, Time: 00:02:56

Health: -2/33      AC:  3    Str: 14    XL:     2   Next: 95%
Magic:  2/2        EV: 10    Int: 11    God:
Gold:   74         SH:  0    Dex: 11    Spells: 1/1 levels left

rFire   . . .      SeeInvis .   f - staff of air
rCold   + . .      Faith    .   (no shield)
rNeg    . . .      Spirit   .   b - +0 robe
rPois   .          Reflect  .   (helmet restricted)
rElec   +          Harm     .   (no cloak)
rCorr   .          Rampage  .   (gloves unavailable)
Will    .....                   (boots unavailable)
Stlth   ++........              (no amulet)
HPRegen 0.11/turn               l - ring of protection from cold
MPRegen 0.08/turn               (no ring)

@: no status effects
A: large, unfitting armour, tough skin 1
a: no special abilities


You were on level 2 of the Dungeon.
You visited 1 branch of the dungeon, and saw 2 of its levels.

You collected 74 gold pieces.

Inventory:

Hand Weapons
 a - a +0 hand axe
Missiles
 d - 2 throwing nets (quivered)
Armour
 b - a +0 robe (worn)
Magical Staves
 f - a staff of air (weapon)
Jewellery
 l - a ring of protection from cold (left hand)
Scrolls
 e - 2 scrolls of blinking {unknown}
 h - a scroll of teleportation {unknown}
 i - a scroll of identify {unknown}
 j - a scroll of vulnerability {unknown}
Potions
 c - a potion of ambrosia
 g - a potion of mutation {unknown}
 k - a potion of flight {unknown}


   Skills:
 + Level 4.5 Fighting
 + Level 3.3 Axes
 + Level 0.2 Staves
 + Level 3.0 Dodging
 + Level 1.4 Stealth


You had one spell level left.
You didn't know any spells.
Your spell library was empty.

Dungeon Overview and Level Annotations

Branches:
Dungeon (2/15)

Altars:


Innate Abilities, Weirdness & Mutations

You are too large for most types of armour.
You have tough skin. (AC +1)


Message History

You miss the quokka.
The quokka is heavily wounded.
The kobold closely misses you.
The quokka bites you but does no damage.
The kobold hits you with a +0 short sword.
You hit the quokka but do no damage.
The quokka is moderately wounded.
The quokka barely misses you.
The kobold hits you with a +0 short sword.
You hit the quokka but do no damage.
The quokka is moderately wounded.
The quokka barely misses you.
The kobold hits you with a +0 short sword.
The quokka bites you.
You barely miss the quokka.
The quokka is lightly wounded.
The quokka bites you.
The kobold hits you with a +0 short sword.
* * * LOW HITPOINT WARNING * * *
You barely miss the quokka.
The quokka is lightly wounded.
The quokka closely misses you. The kobold hits you but does no damage.
The quokka barely misses you.
You miss the quokka.
The quokka is lightly wounded.
The kobold hits you with a +0 short sword.
* * * LOW HITPOINT WARNING * * *
The quokka bites you.
* * * LOW HITPOINT WARNING * * *
The kobold hits you but does no damage.
Unknown command.
You hit the quokka.
The quokka is almost dead.
The quokka bites you but does no damage.
The kobold hits you with a +0 short sword.
* * * LOW HITPOINT WARNING * * *
You hit the quokka.
You kill the quokka!
The kobold hits you with a +0 short sword.
You die...

##### ###...
....### #
#.#####...#.#..#
#....!...#.8.#.#
.......@K.# ..#
#.......#.###.###.
#.................
#.......##....###.
#.......##......#
.........<....#.#
.##.....####......
....... ......
.... ......


You could see a kobold.

Vanquished Creatures
  2 ball pythons (D:1)
  2 endoplasms (D:1)
  2 goblins (D:1)
  2 hobgoblins (D:1)
  4 jackals (D:1)
  3 kobolds (D:1)
  2 quokkas
  2 frilled lizards (D:1)
  A rat (D:1)
20 creatures vanquished.

Notes
Turn   | Place    | Note
-------+----------+-------------------------------------------
     0 | D:1      | Anunax the Ogre Monk began the quest for the Orb.
     0 | D:1      | Reached XP level 1. HP: 24/24 MP: 1/1
   153 | D:1      | Reached XP level 2. HP: 25/32 MP: 2/2
   721 | D:1      | You fall into a shaft and drop 1 floor!
  1348 | D:2      | HP: 1/33 [kobold/+0 short sword (5)]
  1349 | D:2      | Slain by a kobold

Illustrated notes

Levels and vault maps discovered:
D:1:      elethiomel_arrival_fortress_basement, layout_basic
D:2:      layout_loops_cross, hellmonk_ecumenical_altar_zigzags,
          grunt_decor_one_mirror

Skill      XL: |  1  2 |
---------------+-------+-----
Dodging        | 3 |  3.0
Fighting       | |  4.5
Axes           | |  3.3
Staves         | |  0.2
Stealth        | |  1.4

Action                   || total
-------------------------++-------
Melee: Hand axe          ||    38
       Staff             ||    36
 Stab: Sleeping          ||     2
Armor: Robe              ||    20
Dodge: Dodged            ||    45

Table legend: (Time is in decaauts)
 A = Elapsed time spent in this place.
 B = Non-inter-level travel time spent in this place.
 C = Inter-level travel time spent in this place.
 D = Time resting spent in this place.
 E = Time spent auto-exploring this place.
 F = Levels seen in this place.
 G = Mean time per level.
                   A        B        C        D        E       F      G
               +--------+--------+--------+--------+--------+-----+--------+
         Total |   1360 |   1336 |     24 |    281 |    856 |   2 |  680.0 |
       Dungeon |   1360 |   1336 |     24 |    281 |    856 |   2 |  680.0 |
               +--------+--------+--------+--------+--------+-----+--------+

Top non-repeatable levels by time:
     D:1: 1331 daAuts
     D:2: 29 daAuts
